 Dungeon Crawl Stone Soup version 0.20-a0-971-g5896763 (webtiles) character file.

270185 Leszczynek the Basher (level 20, -3/150 HPs)
             Began as a Bultungin Wanderer on Apr 7, 2017.
             Was the Champion of Ashenzari.
             Slain by a red devil
             ... wielding a +1 demon trident of venom
             ... summoned by a deep elf mage
             ... led by an ironheart preserver
              (7 damage)
             ... on level 3 of the Vaults on Apr 8, 2017.
             The game lasted 04:06:45 (46570 turns).

Leszczynek the Basher (Bultungin Wanderer)         Turns: 46570, Time: 04:06:46

Health: -3/150     AC: 19    Str: 15    XL:     20   Next: 20%
Magic:  23/33      EV:  2    Int: 18    God:    Ashenzari [******]
Gold:   500        SH:  0    Dex: 24    Spells: 6/37 levels left

rFire    . . .     SeeInvis +   a - +10 morningstar "Eos" {elec, Halo rElec} (curse)
rCold    + . .     Gourm    .   H - +10 shield of Wrong Decisions {Donald, Dex+7} (curse)
rNeg     + + +     Faith    .   i - +4 acid dragon scales (curse)
rPois    ∞         Spirit   .   c - +0 helmet of the Dolphin {Dex+4} (curse)
rElec    +         Reflect  +   Y - +0 cloak {MR+} (curse)
rCorr    +         Harm     .   Q - +0 pair of gloves
MR       ++...     Clarity  +   o - +2 pair of boots of the Assassin {Detection Stab+ Stlth++} (curse)
Stlth    +++.......             n - +5 amulet of reflection (curse)
Regen    1.4/turn               t - ring of protection from cold (curse)
MPRegen  0.3/turn               S - ring of positive energy

@: petrified, flying, regenerating (expiring), glowing, heavily drained
A: short attention span, fangs 1, see invisible, strong nose
}: 2/15 runes: barnacled, gossamer
a: Curse Item, Scrying, Transfer Knowledge, Renounce Religion


You were on level 3 of the Vaults.
You worshipped Ashenzari.
Ashenzari was exalted by your worship.
You were not hungry.

You visited 7 branches of the dungeon, and saw 35 of its levels.
You also visited: Ice Cave and Volcano.

You collected 3675 gold pieces.
You spent 3175 gold pieces at shops.

Inventory:

Hand Weapons
 a - the cursed +10 morningstar "Eos" (weapon) {elec, Halo rElec}
   (You found it on level 10 of the Dungeon)

   Occasionally, upon striking a foe, it will discharge some electrical energy
   and cause terrible harm.
   It insulates you from electricity.
   It has a curse placed upon it.
Missiles
 s - 84 tomahawks
 I - 59 javelins
 W - 13 throwing nets (quivered)
Armour
 c - the cursed +0 helmet of the Dolphin (worn) {Dex+4}
   (You bought it in a shop on level 3 of the Shoals)

   It affects your dexterity (+4).
   It has a curse placed upon it.
 i - cursed +4 acid dragon scales (worn)
 o - the cursed +2 pair of boots of the Assassin (worn) {Detection Stab+ Stlth++}
   (You bought it in a shop on level 8 of the Dungeon)

   It makes you much more stealthy.
   It has a curse placed upon it.
 H - the cursed +10 shield of Wrong Decisions (worn) {Donald, Dex+7}
   (You took it off Donald on level 2 of the Shoals)

   It affects your dexterity (+7).
   It has a curse placed upon it.
 Q - a +0 pair of gloves (worn)
 Y - a cursed +0 cloak of magic resistance (worn)
Jewellery
 n - a cursed +5 amulet of reflection (around neck)
 t - a cursed ring of protection from cold (left hand)
 K - an uncursed ring of fire
 M - an uncursed ring of poison resistance
 S - a ring of positive energy (right hand)
Wands
 b - a wand of enslavement (12/24)
 d - a wand of acid (4/15)
 E - a wand of confusion (7/48)
 N - a wand of paralysis (10/24)
 P - a wand of iceblast (7/15)
 T - a wand of clouds (3/9)
 V - a wand of digging (18/24)
 X - a wand of scattershot (6/9)
 Z - a wand of acid (7/15)
Scrolls
 e - 9 scrolls of teleportation
 k - 4 scrolls of fear
 q - 4 scrolls of remove curse {@r2}
 v - 4 scrolls of recharging
 x - a scroll of summoning
 y - 3 scrolls of blinking
 C - 5 scrolls of identify {@r1}
 G - 3 scrolls of magic mapping
 U - 4 scrolls of fog
Potions
 g - 2 potions of ambrosia
 j - 8 potions of mutation {!q}
 l - 12 potions of heal wounds {@q2}
 m - 4 potions of agility
 r - 5 potions of might
 u - 20 potions of curing {@q1}
 w - 7 potions of haste
 z - 4 potions of cancellation
 B - a potion of magic
 F - a potion of resistance
 J - 3 potions of flight
 L - 5 potions of lignification {!q}
 R - 2 potions of brilliance
Miscellaneous
 f - a lamp of fire
 h - a phial of floods
Comestibles
 p - 15 chunks of flesh
 A - 11 royal jellies
 D - 15 meat rations
 O - 20 bread rations


   Skills:
 - Level 11.0(9.4) Fighting
   Level 6.4 Short Blades
   Level 8.0(7.0) Long Blades
 - Level 14.2(14.1) Maces & Flails
   Level 8.0(7.4) Polearms
   Level 8.2(10.4) Staves
   Level 2.0(4.6) Slings
 - Level 8.4(6.9) Throwing
 - Level 10.0(8.3) Armour
 - Level 10.0(9.6) Dodging
 - Level 8.7(9.0) Stealth
 - Level 10.1(9.7) Shields
 - Level 1.5(0.2) Unarmed Combat
 - Level 9.0(7.4) Spellcasting
 - Level 7.2(8.4) Conjurations
 - Level 9.0(9.1) Hexes
 - Level 7.0(8.3) Charms
 - Level 9.0(9.2) Summonings
 + Level 9.2(9.3) Necromancy
 - Level 3.3(6.0) Translocations
 - Level 7.0(8.3) Fire Magic
 - Level 6.0(7.8) Ice Magic
 - Level 7.0(8.3) Air Magic
 - Level 5.3(7.5) Poison Magic
 - Level 10.0(9.6) Evocations


You had 6 spell levels left.
You knew the following spells:

 Your Spells              Type           Power        Failure   Level  Hunger
a - Mephitic Cloud        Conj/Pois/Air  #####...     3%          3    #......
b - Summon Ice Beast      Ice/Summ       #####...     12%         4    ###....
c - Poisonous Vapours     Pois/Air       #####.       1%          2    None
d - Spectral Weapon       Hex/Chrm       #####...     1%          3    #......
e - Song of Slaying       Chrm           #####...     1%          2    None
f - Summon Lightning Spi  Summ/Air       #####...     10%         4    ###....
q - Regeneration          Chrm/Necr      #####.....   1%          3    #......
w - Summon Mana Viper     Hex/Summ       #####...     17%         5    #####..
B - Blink                 Tloc           N/A          4%          2    None
C - Conjure Flame         Conj/Fire      #####...     2%          3    #......


Dungeon Overview and Level Annotations

Branches:
Dungeon (15/15)            Temple (1/1) D:6            Lair (6/6) D:11
 Shoals (4/4) Lair:2       Spider (4/4) Lair:4        Slime (0/5) Lair:5
    Orc (2/2) D:9             Elf (0/3) Orc:2        Vaults (3/5) D:14
  Crypt (0/3) Vaults:2     Depths (0/5) D:15

Altars:
Ashenzari
Cheibriados
Dithmenos
Elyvilon
Fedhas
Kikubaaqudgha
Nemelex Xobeh
Okawaru
Sif Muna
Trog
Uskayaw
Vehumet
Xom
Zin
The Shining One
Beogh
Jiyva

Shops:
D:6 !   D:7 !   D:8 [   D:15 [   Orc:1 %   Orc:2 (:}=   Shoals:3 [   Vaults:1 (

Annotations:
D:1 gnoll (whip)
D:2 exclusion: oklob plant
Lair:1 exclusion: hydra
Lair:3 5h hydra, snail
Shoals:1 exclusion: Roxanne, Roxanne
Vaults:3 Jorgrun, Jory


Innate Abilities, Weirdness & Mutations

You have a short attention span.
You have very sharp teeth.
You have supernaturally acute eyesight. (SInv)
Your uncanny sense of smell can sniff out nearby items.


Message History

The sixfirhy hits you!
* * * LOW HITPOINT WARNING * * *
The sixfirhy shocks you. You resist.
* * * LOW HITPOINT WARNING * * *
The sixfirhy hits you but does no damage.
The deep elf mage completely misses you.
The sixfirhy hits you.
* * * LOW HITPOINT WARNING * * *
The sixfirhy shocks you. You resist.
* * * LOW HITPOINT WARNING * * *
Jorgrun hits you with a staff of earth!
* * * LOW HITPOINT WARNING * * *
The hell rat bites you.
* * * LOW HITPOINT WARNING * * *
The sun demon hits you!
* * * LOW HITPOINT WARNING * * *
You are engulfed in flames!
* * * LOW HITPOINT WARNING * * *
The red devil hits you from afar with a demon trident of venom!
You die...

#########,.#......#......,,,*
)..........#......#......,,
...........#......#......, ,*
...........#.....)#......., *
...........#...§{§#........,
#'#######..#..§e*e#.........*
........#..#..Eepe#.........*
........#..######g#...(.....*
........#......3@es.........
.......)#......(3r4.........
.......)'...................
........#...................*
........#...........).......
#########...................
,, ,..................... ,
......[............... ,,
......................*


You could see Jorgrun, a deep elf death mage, a sun demon, 2 deep elf magi, a
sixfirhy, a jumping spider, a red devil, a hell rat and a friendly spectral
morningstar "Eos" {elec, Halo rElec}.

Vanquished Creatures
  Polyphemus (Shoals:2)
  Donald (Shoals:2)
  4 ghost moths
  6 vault wardens
  3 frost giants
  5 emperor scorpions
  4 ironheart preservers
  A stone giant (Vaults:2)
  2 entropy weavers (Spider:4)
  Nessos (Orc:2)
  A deep elf annihilator (Vaults:3)
  A spark wasp (Spider:4)
  3 merfolk javelineers
  A deep elf death mage (Vaults:2)
  10 merfolk impalers
  A great orb of eyes (Vaults:2)
  3 ogre magi
  4 yaktaur captains
  8 hydras
  2 vault guards (Vaults:2)
  Harold (Orc:1)
  9 centaur warriors
  2 merfolk avatars
  A rakshasa (Vaults:3)
  3 ice dragons
  Erica (D:8)
  5 catoblepae
  17 two-headed ogres
  9 merfolk aquamancers
  A tengu warrior (D:14)
  6 death yaks
  5 orc high priests (Orc:2)
  3 deep elf knights
  4 unseen horrors
  A shadow wraith (Vaults:2)
  14 sea snakes
  10 skeletal warriors
  A glowing orange brain (Vaults:3)
  A deep troll (D:14)
  A wizard (D:14)
  3 orc knights
  A deep elf archer (Vaults:3)
  3 lindwurms
  3 ironbrand convokers
  29 wolf spiders
  3 deep elf magi
  19 ugly things
  23 harpies
  9 fauns
  4 orb spiders
  12 manticores
  2 orc sorcerers (Orc:2)
  4 cyclopes
  5 vault sentinels
  12 merfolk sirens
  An ice statue (IceCv)
  7 water nymphs
  7 elephants
  4 black mambas
  A gargoyle (D:14)
  A torpor snail (Lair:6)
  3 molten gargoyles (Volcano)
  10 spiny frogs
  A redback zombie (D:14)
  2 efreet
  7 komodo dragons
  20 yaktaurs
  6 rime drakes
  2 tengu conjurers
  15 demonic crawlers
  A freezing wraith (Vaults:3)
  8 trolls
  41 merfolk
  A shadow dragon simulacrum (Vaults:3)
  3 meliai (D:15)
  A wind drake (Shoals:2)
  7 hornets
  16 polar bears
  40 jumping spiders
  10 slime creatures
  8 blink frogs
  5 snapping turtles
  7 dream sheep (Shoals:2)
  6 hippogriffs
  99 redbacks
  A vampire (D:15)
  4 shadows
  A tarantella (shapeshifter) (Vaults:2)
  3 wyverns
  A spriggan (D:7)
  42 yaks
  2 wraiths
  45 tarantellas
  11 water elementals
  A fire elemental (Volcano)
  4 hungry ghosts
  4 basilisks
  6 vampire mosquitoes (D:14)
  A human simulacrum (Vaults:2)
  2 acid dragons
  9 wargs
  A soldier ant (D:15)
  12 water moccasins
  6 porcupines
  5 ice beasts
  31 orc warriors
  2 sky beasts
  A necrophage (D:10)
  A black bear (D:10)
  3 phantoms
  3 boggarts
  16 ogres
  36 wolves
  15 crocodiles
  11 centaurs
  3 big kobolds
  15 bullfrogs
  2 wyvern zombies
  3 earth elementals (Volcano)
  7 scorpions
  A killer bee (D:11)
  6 wights (D:8)
  An electric eel (Spider:1)
  8 howler monkeys
  5 jellies
  2 bullfrog zombies
  6 crimson imps
  2 centaur zombies
  2 quasits
  Crazy Yiuf (D:6)
  3 bullfrog skeletons
  32 orc priests
  9 hounds
  3 iguanas
  23 orc wizards
  14 worker ants
  Ijyb (D:3)
  A killer bee zombie (D:8)
  3 hound zombies
  2 hound skeletons
  Robin (D:4)
  7 gnolls
  12 adders
  3 shadow imps
  An ufetubus (Vaults:1)
  An ooze (D:3)
  An adder zombie (D:6)
  3 adder skeletons
  2 worms
  2 dart slugs
  7 leopard geckos
  75 orcs
  4 giant cockroaches
  32 goblins
  14 hobgoblins
  7 jackals
  6 quokkas
  2 ball pythons
  A ball python skeleton (D:5)
  2 bats
  6 frilled lizards
  22 kobolds
  A quokka skeleton (D:4)
  11 rats
  3 butterflies (Lair:4)
  A fire vortex (Volcano)
  3 plants
  A spectral weapon (Shoals:4)
1295 creatures vanquished.

Vanquished Creatures (collateral kills)
  The ghost of Hybris the Warrior, an adept BaSu of Hepliaklqana (Spider:4)
  Ilsuiw (Shoals:4)
  A vault warden (Vaults:3)
  A ghost moth (Spider:4)
  2 emperor scorpions
  An entropy weaver (Spider:2)
  A deep elf demonologist (Vaults:2)
  A spark wasp (Spider:3)
  4 merfolk impalers
  A merfolk javelineer (Shoals:4)
  2 death knights (Vaults:2)
  An alligator snapping turtle (Shoals:4)
  4 merfolk avatars
  3 merfolk aquamancers (Shoals:4)
  A death yak (Shoals:2)
  2 two-headed ogres (Vaults:2)
  A deep elf knight (Vaults:2)
  A sea snake (Shoals:4)
  11 orb spiders
  2 wolf spiders (Spider:4)
  An ugly thing (Vaults:3)
  A cyclops (Shoals:2)
  2 deep elf magi
  A manticore (Shoals:1)
  2 moths of wrath
  2 vault sentinels (Vaults:2)
  A yaktaur (Vaults:1)
  7 merfolk
  7 jumping spiders
  2 dream sheep (Shoals:2)
  A vampire (D:15)
  11 redbacks
  3 tarantellas
  A warg (Vaults:3)
  An orc warrior (Vaults:3)
  A centaur (D:11)
  2 killer bees (D:11)
  An orc (Orc:2)
  A plant (Shoals:2)
90 creatures vanquished.

Vanquished Creatures (others)
  4 merfolk javelineers
  A wizard (D:13)
  A cyclops (Shoals:2)
  3 yaktaurs
  A polar bear (Lair:5)
  A water elemental (Shoals:4)
  Edmund (D:6)
  An orc warrior (Orc:1)
  2 centaurs
  A kobold (D:3)
  2 bushes (D:15)
  17 fungi
  21 plants
  22 spectral weapons
78 creatures vanquished.

Grand Total: 1463 creatures vanquished

Notes
Turn   | Place    | Note
-------+----------+-------------------------------------------
     0 | D:1      | Leszczynek the Bultungin Wanderer began the quest for the Orb.
     0 | D:1      | Leszczynek set off with: a +2 dagger, a potion of haste, 2 potions of lignification {!q}, a bread ration, a +0 robe
     0 | D:1      | Reached XP level 1. HP: 22/22 MP: 2/2
     0 | D:1      | hm
     0 | D:1      | ah right, this first
     0 | D:1      | 13/12/11 (6/4/2)
     0 | D:1      | so basically you can branch into anything you want, but only to a small degree
     0 | D:1      | training short blades first is not a bad idea actually
    46 | D:1      | Reached skill level 2 in Short Blades
   107 | D:1      | Reached skill level 3 in Short Blades
   107 | D:1      | Reached XP level 2. HP: 28/28 MP: 3/3
   894 | D:2      | Reached skill level 4 in Short Blades
  1015 | D:2      | Reached XP level 3. HP: 34/34 MP: 4/4
  1035 | D:2      | Reached skill level 2 in Dodging
  1278 | D:2      | Reached skill level 3 in Dodging
  1423 | D:2      | Reached skill level 4 in Dodging
  1423 | D:2      | Reached XP level 4. HP: 35/40 MP: 5/5
  1507 | D:2      | Found a blossoming altar of Fedhas.
  1520 | D:2      | Noticed an oklob plant
  2428 | D:3      | Noticed Ijyb
  2711 | D:3      | Found a shimmering altar of Xom.
  2713 | D:3      | Found a glowing silver altar of Zin.
  2713 | D:3      | Found a white marble altar of Elyvilon.
  2856 | D:3      | Found a snail-covered altar of Cheibriados.
  2856 | D:3      | Found a shadowy altar of Dithmenos.
  2856 | D:3      | Found a deep blue altar of Sif Muna.
  2938 | D:3      | Reached skill level 1 in Throwing
  3020 | D:3      | Reached skill level 3 in Throwing
  3020 | D:3      | Reached XP level 5. HP: 33/46 MP: 6/6
  3364 | D:3      | Killed Ijyb
  3512 | D:4      | Reached skill level 4 in Throwing
  3959 | D:4      | Reached skill level 6 in Fighting
  4039 | D:4      | Noticed a phantom
  4087 | D:4      | Reached skill level 5 in Throwing
  4087 | D:4      | Reached XP level 6. HP: 47/52 MP: 7/7
  4094 | D:4      | i think levelling int will be the best
  4487 | D:4      | Reached skill level 5 in Short Blades
  4653 | D:4      | Reached skill level 6 in Short Blades
  4804 | D:4      | Found a hide-covered altar of Uskayaw.
  5029 | D:4      | Reached skill level 1 in Slings
  5145 | D:4      | Reached skill level 2 in Slings
  5317 | D:4      | Reached XP level 7. HP: 47/58 MP: 8/8
  5413 | D:4      | Reached skill level 5 in Dodging
  5683 | D:4      | Reached skill level 1 in Polearms
  5756 | D:4      | Noticed Robin
  5771 | D:4      | Killed Robin
  5795 | D:4      | Reached skill level 2 in Polearms
  5860 | D:4      | Reached skill level 3 in Polearms
  6133 | D:5      | Entered Level 5 of the Dungeon
  6240 | D:5      | Reached skill level 4 in Polearms
  6298 | D:5      | Reached skill level 5 in Polearms
  6461 | D:5      | Reached skill level 6 in Polearms
  6600 | D:5      | Found a white marble altar of Elyvilon.
  6648 | D:5      | Reached XP level 8. HP: 60/64 MP: 9/9
  6752 | D:5      | Learned a level 2 spell: Blink
  6756 | D:5      | Learned a level 3 spell: Mephitic Cloud
  6810 | D:5      | Reached skill level 7 in Polearms
  6907 | D:5      | Found a bloodstained altar of Trog.
  6910 | D:5      | Found a snail-covered altar of Cheibriados.
  7229 | D:5      | Found a glowing golden altar of the Shining One.
  7266 | D:6      | Killed Edmund
  7601 | D:6      | Reached skill level 8 in Polearms
  7637 | D:6      | Reached skill level 1 in Air Magic
  7655 | D:6      | Found Beossug's Distillery.
  7666 | D:6      | Bought a potion of agility for 60 gold pieces
  7666 | D:6      | Bought a potion of invisibility for 120 gold pieces
  7666 | D:6      | Bought a potion of lignification for 45 gold pieces
  7666 | D:6      | Bought a potion of might for 60 gold pieces
  7666 | D:6      | Bought a potion of curing for 45 gold pieces
  7722 | D:6      | Reached skill level 1 in Conjurations
  7722 | D:6      | Reached skill level 1 in Poison Magic
  7728 | D:6      | Reached skill level 2 in Poison Magic
  7836 | D:6      | Reached skill level 2 in Air Magic
  7841 | D:6      | Reached skill level 2 in Conjurations
  7860 | D:6      | Reached skill level 3 in Air Magic
  7860 | D:6      | Reached skill level 3 in Poison Magic
  8005 | D:6      | Found a runed door.
  8010 | D:6      | Noticed Crazy Yiuf
  8023 | D:6      | Killed Crazy Yiuf
  8023 | D:6      | Reached skill level 3 in Conjurations
  8076 | D:6      | Found a staircase to the Ecumenical Temple.
  8085 | Temple   | Entered the Ecumenical Temple
  8104 | Temple   | plz ash
  8125 | Temple   | Became a worshipper of Ashenzari the Shackled
  8234 | D:7      | Found Bydgh's Distillery.
  8279 | D:7      | Reached skill level 4 in Air Magic
  8352 | D:7      | Reached skill level 4 in Conjurations
  8352 | D:7      | Reached skill level 4 in Poison Magic
  8401 | D:7      | Reached skill level 2 in Spellcasting
  8401 | D:7      | Reached XP level 9. HP: 64/69 MP: 9/12
  8459 | D:7      | Reached skill level 3 in Spellcasting
  8565 | D:7      | Reached skill level 4 in Spellcasting
  8586 | D:7      | Found a shadowy altar of Dithmenos.
  8732 | D:7      | Reached skill level 5 in Conjurations
  8884 | D:7      | Reached skill level 6 in Conjurations
  8904 | D:7      | Learned a level 3 spell: Conjure Flame
  9131 | D:8      | Reached skill level 3 in Fire Magic
  9314 | D:8      | Found an iron altar of Okawaru.
  9321 | D:8      | robe of the what?
  9321 | D:8      | lul
  9327 | D:8      | Reached skill level 4 in Fire Magic
  9564 | D:8      | Reached skill level 5 in Air Magic
  9567 | D:8      | Reached skill level 6 in Air Magic
  9653 | D:8      | Reached skill level 1 in Staves
  9709 | D:8      | Reached skill level 2 in Staves
  9721 | D:8      | Reached skill level 3 in Staves
  9927 | D:8      | Reached skill level 4 in Staves
  9954 | D:8      | Reached skill level 5 in Staves
 10096 | D:8      | Found Agefed Wuu's Armour Emporium.
 10101 | D:8      | Noticed Erica
 10102 | D:8      | fuck
 10102 | D:8      | but
 10194 | D:8      | Killed Erica
 10194 | D:8      | Reached skill level 8 in Staves
 10194 | D:8      | Reached XP level 10. HP: 76/76 MP: 13/16
 10219 | D:8      | ok, i think i finally found a weapon
 10219 | D:8      | lol
 10269 | D:8      | Reached skill level 1 in Long Blades
 10368 | D:8      | Reached skill level 2 in Long Blades
 10645 | D:9      | Reached skill level 3 in Long Blades
 10710 | D:9      | Reached skill level 4 in Long Blades
 10756 | D:9      | Reached skill level 5 in Long Blades
 10922 | D:9      | Found a staircase to the Orcish Mines.
 10948 | D:9      | Reached skill level 6 in Long Blades
 11171 | D:9      | Reached skill level 7 in Long Blades
 11466 | D:9      | Found a shadowy altar of Dithmenos.
 11466 | D:9      | Found a glowing silver altar of Zin.
 11466 | D:9      | Found a shimmering altar of Xom.
 11473 | D:9      | Reached skill level 8 in Long Blades
 12148 | D:10     | Entered Level 10 of the Dungeon
 12176 | D:10     | Noticed an unseen horror
 12182 | D:10     | Killed an unseen horror
 12182 | D:10     | Reached skill level 7 in Dodging
 12208 | D:10     | Reached * piety under Ashenzari
 12708 | D:10     | Reached skill level 7 in Fighting
 12784 | D:10     | EOS
 12784 | D:10     | holy shit
 12789 | D:10     | DAMN
 12789 | D:10     | ok, switching to maces and flailes after all
 12789 | D:10     | lol
 12789 | D:10     | i'll have every weapon category trained except axes and uc
 12811 | D:10     | Reached skill level 2 in Evocations
 12843 | D:10     | first evo to 6 tho
 12856 | D:10     | Reached skill level 3 in Evocations
 12932 | D:10     | Reached skill level 4 in Evocations
 12932 | D:10     | Reached XP level 11. HP: 66/82 MP: 15/17
 13011 | D:10     | Reached skill level 5 in Evocations
 13350 | D:10     | Reached skill level 6 in Evocations
 13452 | D:11     | Reached skill level 1 in Maces & Flails
 13490 | D:11     | Noticed a five-headed hydra
 13594 | D:11     | Noticed a two-headed ogre
 13649 | D:11     | Reached skill level 2 in Maces & Flails
 13749 | D:11     | Reached skill level 3 in Maces & Flails
 13787 | D:11     | Found a staircase to the Lair.
 13916 | D:11     | Reached skill level 4 in Maces & Flails
 14139 | D:11     | Reached skill level 5 in Maces & Flails
 14153 | D:11     | Reached skill level 6 in Maces & Flails
 14465 | D:11     | Reached ** piety under Ashenzari
 14801 | D:11     | Reached skill level 7 in Maces & Flails
 14843 | Lair:1   | Entered Level 1 of the Lair of Beasts
 14922 | Lair:1   | Found a sparkling altar of Nemelex Xobeh.
 14972 | Lair:1   | Noticed a seven-headed hydra
 15207 | Lair:1   | Reached skill level 8 in Maces & Flails
 15941 | Lair:2   | Found a staircase to the Shoals.
 16050 | Lair:2   | Reached skill level 9 in Maces & Flails
 16309 | Lair:2   | Noticed a five-headed hydra
 16320 | Lair:2   | Killed a one-headed hydra
 16837 | Lair:2   | Noticed a catoblepas
 16862 | Lair:2   | Killed a catoblepas
 16862 | Lair:2   | Reached skill level 10 in Maces & Flails
 16872 | Lair:2   | Identified the +11 great sword "Ceruffox" {venom, *Slow +Inv Dex+2}
 16897 | Lair:2   | Learned a level 2 spell: Poisonous Vapours
 17183 | Lair:3   | Reached *** piety under Ashenzari
 17187 | Lair:3   | Reached XP level 12. HP: 89/89 MP: 15/18
 17244 | Lair:3   | Reached skill level 8 in Dodging
 17714 | Lair:3   | Reached skill level 8 in Fighting
 18078 | Lair:3   | Noticed a death yak
 18079 | Lair:3   | Noticed a death yak
 18081 | Lair:3   | Noticed a death yak
 18105 | Lair:3   | Killed a death yak
 18105 | Lair:3   | Reached skill level 3 in Translocations
 18110 | Lair:3   | Killed a death yak
 18110 | Lair:3   | Reached skill level 5 in Spellcasting
 18110 | Lair:3   | Reached skill level 7 in Evocations
 18300 | Lair:3   | Killed a death yak
 18547 | Lair:3   | Reached skill level 6 in Spellcasting
 18683 | Lair:3   | Noticed a four-headed hydra
 19189 | Lair:4   | Reached skill level 8 in Evocations
 19207 | Lair:4   | Reached skill level 7 in Spellcasting
 19451 | Lair:4   | Found a hole to the Spider Nest.
 19619 | Lair:4   | Reached skill level 8 in Spellcasting
 20235 | Lair:5   | Found a viscous altar of Jiyva.
 20236 | Lair:5   | Found a staircase to the Slime Pits.
 20370 | Lair:5   | Found a frozen archway.
 20371 | Lair:5   | Noticed an ice dragon
 20372 | Lair:5   | WHAT
 20372 | Lair:5   | jesus
 20372 | Lair:5   | why didn't i use scrying
 20378 | Lair:5   | Reached skill level 9 in Dodging
 20390 | Lair:5   | Killed an ice dragon
 20396 | Lair:5   | Reached skill level 9 in Fighting
 20396 | Lair:5   | Reached XP level 13. HP: 77/101 MP: 18/25
 20488 | IceCv    | Entered an ice cave
 20497 | IceCv    | Reached skill level 1 in Armour
 20499 | IceCv    | Reached skill level 2 in Armour
 20598 | IceCv    | Reached skill level 3 in Armour
 20614 | IceCv    | Reached skill level 4 in Armour
 20636 | IceCv    | Reached skill level 5 in Armour
 20808 | IceCv    | Reached skill level 6 in Armour
 21018 | IceCv    | Reached skill level 7 in Armour
 21221 | IceCv    | Noticed a frost giant
 21222 | IceCv    | fug
 21222 | IceCv    | too far
 21246 | IceCv    | Reached skill level 8 in Armour
 21328 | IceCv    | Killed a frost giant
 21328 | IceCv    | Reached skill level 6 in Fire Magic
 21859 | D:8      | Bought the +2 pair of boots of the Assassin {Detection Stab+ Stlth++} for 720 gold pieces
 22158 | Lair:5   | Reached skill level 1 in Shields
 22230 | Lair:5   | Reached skill level 2 in Shields
 22237 | Lair:5   | Reached skill level 3 in Shields
 22265 | Lair:5   | Reached skill level 4 in Shields
 22280 | Lair:5   | Reached **** piety under Ashenzari
 22346 | Lair:5   | Reached skill level 5 in Shields
 22867 | Lair:6   | Entered Level 6 of the Lair of Beasts
 22881 | Lair:6   | Reached skill level 6 in Shields
 22993 | Lair:6   | Found a dark tunnel.
 23000 | Volcano  | Entered a volcano
 23001 | Volcano  | this is mostly undoable without rF
 23001 | Volcano  | too bad
 23018 | Volcano  | Reached skill level 7 in Shields
 23639 | Volcano  | Reached skill level 8 in Shields
 23818 | Volcano  | damn, i hoped for an rF shield
 24094 | Lair:6   | Reached skill level 9 in Shields
 24421 | Lair:6   | Reached XP level 14. HP: 90/108 MP: 24/26
 24659 | Lair:6   | Reached skill level 10 in Shields
 24723 | Lair:6   | Reached skill level 6 in Throwing
 25019 | Lair:6   | Reached skill level 7 in Throwing
 25192 | Lair:6   | Reached skill level 7 in Conjurations
 25294 | Lair:6   | Reached skill level 7 in Fire Magic
 25524 | Lair:6   | Reached skill level 7 in Air Magic
 25660 | Lair:6   | Reached skill level 5 in Poison Magic
 25689 | Lair:6   | Reached skill level 3 in Stealth
 25861 | Lair:6   | Reached skill level 4 in Stealth
 26123 | Lair:6   | Reached skill level 5 in Stealth
 26285 | Lair:6   | Reached skill level 6 in Stealth
 26404 | Lair:6   | Reached skill level 7 in Stealth
 26788 | Orc:1    | Entered Level 1 of the Orcish Mines
 26788 | Orc:1    | Noticed Harold
 26789 | Orc:1    | well this is fucking unfortunate
 26796 | Orc:1    | Killed Harold
 26814 | Orc:1    | woo, 4 nets, and a ring mail of rf+ if i wanted it
 26946 | Orc:1    | Found a roughly hewn altar of Beogh.
 26957 | Orc:1    | Found Buxo's Food Shop.
 27174 | Orc:2    | Entered Level 2 of the Orcish Mines
 27448 | Orc:2    | Reached ***** piety under Ashenzari
 27631 | Orc:2    | Paralysed by an orc sorcerer for 5 turns
 27764 | Orc:2    | Noticed Nessos
 27943 | Orc:2    | Killed Nessos
 27943 | Orc:2    | Reached skill level 11 in Maces & Flails
 28210 | Orc:2    | Found a staircase to the Elven Halls.
 28286 | Orc:2    | Found Bocsiw's Jewellery Emporium.
 28286 | Orc:2    | Found Syokor Gusi's Gadget Emporium.
 28292 | Orc:2    | Found Qoxzesko's Book Shoppe.
 28292 | Orc:2    | Found Eserome's Weapon Shoppe.
 28324 | Orc:2    | damn that amulet
 28343 | Orc:2    | Bought a book of Callings for 390 gold pieces
 28349 | Orc:2    | Learned a level 4 spell: Summon Lightning Spire
 28354 | Orc:2    | Learned a level 4 spell: Summon Ice Beast
 28357 | Orc:2    | Bought an uncursed ring of resist corrosion for 300 gold pieces
 28357 | Orc:2    | Bought an uncursed ring of poison resistance for 300 gold pieces
 28385 | Orc:2    | Reached skill level 2 in Summonings
 28385 | Orc:2    | Reached XP level 15. HP: 101/113 MP: 22/27
 28455 | Orc:2    | Reached skill level 3 in Summonings
 28584 | D:7      | Bought a potion of curing for 45 gold pieces
 28584 | D:7      | Bought a potion of heal wounds for 75 gold pieces
 28584 | D:7      | Bought a potion of curing for 45 gold pieces
 28584 | D:7      | Bought a potion of heal wounds for 75 gold pieces
 28584 | D:7      | Bought a potion of curing for 45 gold pieces
 29055 | D:6      | Bought a potion of curing for 45 gold pieces
 29143 | D:11     | Reached skill level 4 in Summonings
 29244 | D:11     | Reached skill level 5 in Summonings
 29425 | D:12     | Reached skill level 6 in Summonings
 29666 | D:12     | Reached skill level 7 in Summonings
 29721 | D:12     | Learned a level 5 spell: Summon Mana Viper
 30373 | D:13     | Reached skill level 8 in Summonings
 30443 | D:13     | Identified a scroll of acquirement
 30443 | D:13     | Identified the cursed ring of the Coward {*Slow rElec rC+ Dex+6} (You acquired it on level 13 of the Dungeon)
 30444 | D:13     | first a great amulet with *corrode, now a good ring with *slow
 30444 | D:13     | thanks
 30477 | D:13     | Reached skill level 1 in Hexes
 30477 | D:13     | Reached skill level 1 in Ice Magic
 30606 | D:13     | Reached skill level 2 in Hexes
 30627 | D:13     | Reached skill level 2 in Ice Magic
 30716 | D:13     | Found a bloodstained altar of Trog.
 30763 | D:13     | Reached skill level 3 in Hexes
 30767 | D:13     | Reached skill level 3 in Ice Magic
 30947 | D:13     | Reached skill level 4 in Hexes
 30956 | D:13     | Reached skill level 4 in Ice Magic
 31272 | D:14     | Reached skill level 5 in Hexes
 31362 | D:14     | Reached skill level 5 in Ice Magic
 31712 | D:14     | Reached skill level 6 in Hexes
 31919 | D:14     | Reached skill level 6 in Ice Magic
 32042 | D:14     | Reached skill level 7 in Hexes
 32298 | D:14     | Reached skill level 8 in Hexes
 32385 | D:14     | Found a gate to the Vaults.
 32445 | D:15     | Entered Level 15 of the Dungeon
 32476 | D:15     | Reached ****** piety under Ashenzari
 32652 | D:15     | Found Ceniyta's Antique Armour Boutique.
 33145 | D:15     | Found a staircase to the Depths.
 33158 | D:15     | Reached skill level 9 in Hexes
 33389 | D:14     | Reached skill level 9 in Summonings
 33608 | Spider:1 | Entered Level 1 of the Spider Nest
 33838 | Spider:1 | Reached XP level 16. HP: 104/120 MP: 28/28
 34511 | Spider:1 | Reached skill level 10 in Dodging
 34739 | Spider:1 | Reached skill level 10 in Fighting
 35873 | Orc:2    | Bought a book of Battle for 520 gold pieces
 35877 | Orc:2    | Learned a level 3 spell: Regeneration
 35881 | Orc:2    | Learned a level 3 spell: Spectral Weapon
 35884 | Orc:2    | Learned a level 2 spell: Song of Slaying
 36208 | Lair:4   | Reached skill level 1 in Necromancy
 36326 | Spider:2 | Reached skill level 1 in Charms
 36329 | Spider:2 | Reached skill level 2 in Necromancy
 36331 | Spider:2 | Reached skill level 2 in Charms
 36366 | Spider:2 | Reached skill level 3 in Necromancy
 36463 | Spider:2 | Reached skill level 3 in Charms
 36603 | Spider:2 | Reached skill level 4 in Necromancy
 36756 | Spider:2 | Reached skill level 4 in Charms
 36853 | Spider:2 | Reached skill level 5 in Necromancy
 37014 | Spider:2 | Reached skill level 5 in Charms
 37069 | Spider:3 | Reached skill level 6 in Necromancy
 37104 | Spider:3 | Reached skill level 6 in Charms
 37287 | Spider:3 | Reached skill level 7 in Necromancy
 37303 | Spider:3 | Reached skill level 7 in Charms
 37432 | Spider:3 | Reached skill level 9 in Armour
 37512 | Spider:4 | Entered Level 4 of the Spider Nest
 37512 | Spider:4 | Noticed Hybris's ghost (adept BaSu)
 37518 | Spider:4 | Killed Hybris's ghost
 37568 | Spider:4 | Reached XP level 17. HP: 68/129 MP: 19/29
 37784 | Spider:4 | Reached skill level 9 in Evocations
 38691 | Spider:4 | this will be nasty
 38707 | Spider:4 | I LOVE THIS BULLSHIT
 38986 | Spider:4 | unlimited respawn works
 39211 | Spider:4 | Reached skill level 12 in Maces & Flails
 39279 | Spider:4 | Got a gossamer rune of Zot
 39488 | Spider:3 | Reached skill level 10 in Evocations
 39638 | Shoals:1 | Entered Level 1 of the Shoals
 39639 | Shoals:1 | ha ha shoals with mr+
 39979 | Shoals:1 | oh wait
 39979 | Shoals:1 | i have clarity!
 40095 | Shoals:1 | Noticed Roxanne
 40104 | Shoals:1 | macabre finger necklace
 40104 | Shoals:1 | gotta remember that it's here
 40312 | Shoals:2 | Reached skill level 10 in Armour
 40416 | Shoals:2 | Noticed Donald
 40441 | Shoals:2 | Killed Donald
 40441 | Shoals:2 | Identified the +10 shield of Wrong Decisions {Donald, Dex+7} (You took it off Donald on level 2 of the Shoals)
 40441 | Shoals:2 | Reached skill level 8 in Stealth
 40465 | Shoals:2 | holy shit
 40465 | Shoals:2 | of Wrong Decisions?
 40465 | Shoals:2 | what?
 40465 | Shoals:2 | what would be ever wrong with wearing this
 40465 | Shoals:2 | lol
 40631 | Shoals:2 | Reached XP level 18. HP: 132/136 MP: 23/30
 40841 | Shoals:2 | Noticed Polyphemus
 40863 | Shoals:2 | Killed Polyphemus
 41757 | Shoals:3 | Found Eveok's Antique Armour Shoppe.
 41769 | Shoals:3 | Reached skill level 9 in Spellcasting
 41774 | Shoals:3 | Bought an ancient helmet for 285 gold pieces
 41790 | Shoals:3 | Identified the cursed +0 helmet of the Dolphin {Dex+4} (You bought it in a shop on level 3 of the Shoals)
 42055 | Shoals:4 | Entered Level 4 of the Shoals
 42075 | Shoals:4 | found the rune, i guess
 42093 | Shoals:4 | Noticed Ilsuiw
 42370 | Shoals:4 | Identified the +2 robe of Vaoxis {rC+ Dex+4}
 42495 | Shoals:4 | 2 frost giants?
 42495 | Shoals:4 | now that's unusual
 42677 | Shoals:4 | Killed Ilsuiw
 42677 | Shoals:4 | Reached skill level 11 in Fighting
 43021 | Shoals:4 | Reached skill level 13 in Maces & Flails
 43021 | Shoals:4 | Reached XP level 19. HP: 119/143 MP: 20/32
 43156 | Shoals:4 | Reached skill level 8 in Throwing
 43239 | Shoals:4 | Identified the +4 hunting sling "Giantbane" {velocity, rPois MR+ Int+4 Stlth+}
 43263 | Shoals:4 | Got a barnacled rune of Zot
 43467 | Lair:2   | Upgraded the game from 0.20-a0-967-g62cfa5d to 0.20-a0-971-g5896763
 43662 | Vaults:1 | Entered Level 1 of the Vaults
 44352 | Vaults:1 | Found Iliutt's Antique Weapon Shop.
 44507 | Vaults:1 | Identified the +4 whip of Breach {freeze, +Fly}
 45333 | Vaults:2 | Reached skill level 14 in Maces & Flails
 45528 | Vaults:2 | Found a staircase to the Crypt.
 45944 | Vaults:2 | Reached XP level 20. HP: 150/150 MP: 33/33
 45945 | Vaults:2 | ok, got mindelay
 45945 | Vaults:2 | what now
 45945 | Vaults:2 | everything costs so much
 45945 | Vaults:2 | i'll try to got for necromancy, maybe
 46065 | Vaults:3 | Noticed Jory
 46150 | Vaults:3 | Reached skill level 8 in Necromancy
 46254 | Vaults:3 | level 7 spell is at 99% with its spell school at base 9 (0 apt)
 46254 | Vaults:3 | so level 7s are likely out of question
 46422 | Vaults:3 | Reached skill level 9 in Necromancy
 46542 | Vaults:3 | Noticed Jorgrun
 46570 | Vaults:3 | HP: 11/150 [sun demon[an ironheart preserver] (8)]
 46570 | Vaults:3 | HP: 4/150 [sun demon[an ironheart preserver] (7)]
 46570 | Vaults:3 | Slain by a red devil

Vault maps used:
D:1:      dpeg_arrival_stonehenge_8_columns
D:2:      tgw_fedhas
D:3:      kennysheep_the_goblin_king, doesnt_xom_only_xom
D:4:      corexii_shantytown, kennysheep_little_box, uniq_robin
D:5:      kennysheep_mini, minitemple, overflow_temple_1_default, first_bread
D:6:      lemuel_ice_spiral_2, temple_hall, serial_shops, shop_fountains,
          uniq_crazy_yiuf_cottage, uniq_edmund
D:7:      serial_shops, shop_fountains, the_bakery, grunt_dithmenos_smoke
D:8:      okawaru_metal_pillars_1_2, serial_shops, shop, uniq_erica
D:9:      gammafunk_temple_overflow_forgotten, erik_orc_3
D:11:     lair_entry_dummy
D:12:     hangedman_abyss_or_decor_jellyfish_corner
D:13:     minmay_crystal_room, trog_wizard
D:14:     david_vaults_4, hangedman_abyss_or_decor_stabs, minivault_27
D:15:     grunt_enter_depths_snipers, serial_shops,
          nicolae_shop_temple_entry_statues_fountains, minmay_hedge_maze,
          minivault_27
Temple:   minmay_temple_forest_path
Lair:1:   basic_altar, serial_bayou_crossing, infiniplex_staircase_pool_2
Lair:2:   elwin_shoals_entry_stream
Lair:3:   grunt_megastairs_3, serial_bayou_shore_b, serial_bayou_shore_b
Lair:4:   spider_nest_entry_web_field, cheibrodos_lair_reptile_den,
          lemuel_fruit_fields
Lair:5:   slime_altar_1, portal_ice_cave_entry_animals_and_master, st_stairs_5,
          lemuel_fruit_fields
Lair:6:   hangedman_lair_in_review, enter_volcano_4
Shoals:1: uniq_roxanne
Shoals:2: uniq_donald, uniq_polyphemus
Shoals:3: serial_shops, shop, nicolae_shoals_so_close
Shoals:4: shoals_end_grunt_ice, shoal_ilsuiw
Spider:3: spider_trap
Spider:4: spider_rune_water
Orc:1:    serial_shops, shop, basic_altar, abandoned_shop, uniq_harold
Orc:2:    st_orc_mages, mines5_lemuel, uniq_nessos
Vaults:1: vaults_dpeg_cross, hangedman_vaults_locks, v_misc_28,
          nicolae_vaults_diagonal_hallway_7, grunt_vaults_funnel, v_misc_10,
          ontoclasm_vaults_decontamination, vaults_mumra_hexcomb,
          vaults_room_octagon, serial_ice_m, vaults_standard_mumra_lines,
          serial_shops, nicolae_shop_competitors_out_of_business
Vaults:2: grunt_vaults_swirl, vaults_dpeg_doors, vaults_room_fancy_cross,
          v_misc_8, v_misc_18, ontoclasm_vaults_gateway, vaults_mumra_lcd,
          blue_anna_dwarven_crypt, nicolae_vaults_mini_display_case,
          nicolae_vaults_diagonal_hallway_8, vaults_room_hallway,
          vaults_room_corners, ontoclasm_vaults_chip,
          vaults_standard_mumra_enter_the_diamond
Vaults:3: v_misc_12, nicolae_vaults_rhombus_5, ontoclasm_vaults_ring_square,
          ontoclasm_vaults_ligature, vaults_mumra_chevron_long,
          nicolae_vaults_angled_halls, hangedman_vaults_cutoff,
          dpeg_vaults_monster_box, uniq_jory, uniq_jorgrun
IceCv:    ice_cave_small_giant
Volcano:  volcano_aerie

Skill      XL: |  1  2  3  4  5  6  7  8  9 10 11 12 13 14 15 16 17 18 19 20 |
---------------+-------------------------------------------------------------+-----
Short Blades   | 3 4 6 |  6.4
Dodging        | 4 5 7 9 10 | 10.0
Throwing       | 3 5 7 8 |  8.4
Fighting       | 6 7 9 10 11 | 11.0
Slings         | 2 |  2.0
Polearms       | 6 8 |  8.0
Air Magic      | 4 6 7 |  7.0
Conjurations   | 4 6 7 |  7.2
Poison Magic   | 4 5 |  5.3
Spellcasting   | 2 4 8 9 |  9.0
Fire Magic     | 4 6 7 |  7.0
Staves         | 8 |  8.2
Long Blades    | 8 |  8.0
Evocations     | 4 6 8 10 | 10.0
Maces & Flails | 10 11 12 13 14 | 14.2
Translocations | 3 |  3.3
Armour         | 8 9 10 | 10.0
Shields        | 9 10 | 10.1
Stealth        | 7 8 |  8.7
Summonings     | 2 9 |  9.0
Hexes          | 9 |  9.0
Ice Magic      | 6 |  6.0
Necromancy     | 7 9 |  9.2
Charms         | 7 |  7.0
Unarmed Combat | |  1.5

Action                   |  1- 3 |  4- 6 |  7- 9 | 10-12 | 13-15 | 16-18 | 19-21 || total
-------------------------+-------+-------+-------+-------+-------+-------+-------++-------
Melee: Dagger            |   122 |    50 |       |       |       |       |       ||   172
       Bite              |     1 |    22 |    34 |    36 |    70 |   115 |    95 ||   373
       Punch             |     1 |     2 |       |     8 |       |       |       ||    11
       Short sword       |       |   252 |     3 |       |       |       |       ||   255
       Spear             |       |       |   393 |    15 |       |       |       ||   408
       Quarterstaff      |       |       |     9 |       |       |       |       ||     9
       Mace              |       |       |     4 |       |       |       |       ||     4
       Scimitar          |       |       |       |   247 |       |       |       ||   247
       Morningstar       |       |       |       |   145 |   952 |  1129 |   504 ||  2730
 Fire: Blowgun           |       |    54 |    71 |    91 |       |       |       ||   216
       Hunting sling     |       |    20 |    80 |   175 |       |       |       ||   275
Throw: Stone             |       |     5 |       |       |       |       |       ||     5
       Javelin           |       |       |       |       |     2 |       |       ||     2
       Throwing net      |       |       |       |       |     1 |     1 |       ||     2
       Tomahawk          |       |       |       |       |     3 |    14 |       ||    17
 Cast: Conjure Flame     |       |       |     7 |    30 |    19 |       |       ||    56
       Mephitic Cloud    |       |       |     6 |    10 |     8 |     1 |       ||    25
       Poisonous Vapours |       |       |       |    34 |   113 |     2 |       ||   149
       Blink             |       |       |       |     3 |       |    11 |       ||    14
       Summon Lightning  |       |       |       |       |     6 |    61 |    21 ||    88
       Summon Ice Beast  |       |       |       |       |     1 |    15 |     1 ||    17
       Spectral Weapon   |       |       |       |       |       |    67 |    16 ||    83
       Regeneration      |       |       |       |       |       |    67 |    19 ||    86
       Summon Mana Viper |       |       |       |       |       |    17 |     1 ||    18
Invok: Curse Item        |       |       |     4 |     1 |     3 |     1 |       ||     9
       Scrying           |       |       |       |       |     3 |       |     2 ||     5
Evoke: Wand              |       |       |       |     6 |    22 |    13 |     1 ||    42
       Lamp of fire      |       |       |       |       |       |     2 |       ||     2
  Use: Scroll            |       |     5 |    11 |    16 |    15 |     8 |     2 ||    57
       Potion            |       |       |       |     1 |     4 |     1 |     1 ||     7
 Stab: Sleeping          |     3 |     1 |     4 |     5 |    10 |     3 |     6 ||    32
       Confused          |       |       |       |     5 |     8 |       |     1 ||    14
       Paralysed         |       |       |       |       |     1 |     1 |       ||     2
       Held in net/web   |       |       |       |       |     1 |       |       ||     1
       Distracted        |       |       |       |       |     1 |    28 |    11 ||    40
  Eat: Chunk             |     2 |    12 |    16 |    27 |    35 |    45 |    11 ||   148
       Fruit             |       |       |       |    12 |    11 |     5 |     5 ||    33
Armor: Robe              |     9 |       |     4 |    64 |   112 |       |       ||   189
       Ring mail         |    11 |    64 |    47 |       |       |       |       ||   122
       Leather armour    |       |       |    11 |       |       |       |       ||    11
       Skin              |       |       |       |       |     6 |       |       ||     6
       Acid dragon scale |       |       |       |       |    55 |   280 |    58 ||   393
Dodge: Dodged            |    48 |   118 |   142 |   186 |   383 |   499 |   110 ||  1486
Block: Other             |    10 |    63 |    46 |    75 |    35 |       |       ||   229
       Reflection        |       |     5 |       |     2 |    28 |    79 |    52 ||   166
       Shield            |       |       |       |       |   519 |  1167 |   465 ||  2151
       Rpst.: Scimitar   |       |       |       |    34 |       |       |       ||    34
